 Dungeon Crawl Stone Soup version 0.28.0 (webtiles) character file.

Game seed: 16720713137511076252

9 browni3141 the Covered (level 2, 0/27 HPs)
             Began as a Minotaur Fighter on Feb 11, 2022.
             Slain by a quokka (1 damage)
             ... on level 3 of the Dungeon.
             The game lasted 00:00:14 (139 turns).

browni3141 the Covered (Minotaur Fighter)            Turns: 139, Time: 00:00:15

Health: 0/27       AC:  7    Str: 20    XL:     2   Next: 6%
Magic:  1/1        EV:  9    Int:  5    God:
Gold:   8          SH:  4    Dex:  9    Spells: 1/1 levels left

rFire   . . .      SeeInvis .   a - +0 war axe
rCold   . . .      Faith    .   c - +0 buckler
rNeg    . . .      Spirit   .   b - +0 scale mail
rPois   .          Reflect  .   (helmet restricted)
rElec   .          Harm     .   (no cloak)
rCorr   .          Rampage  .   (no gloves)
Will    .....                   (no boots)
Stlth   ..........              (no amulet)
HPRegen 0.09/turn               (no ring)
MPRegen 0.07/turn               (no ring)

@: no status effects
A: horns 2, retaliatory headbutt
a: no special abilities


You were on level 3 of the Dungeon.
You visited 1 branch of the dungeon, and saw 3 of its levels.

You collected 8 gold pieces.

Inventory:

Hand Weapons
 a - a +0 war axe (weapon)
Armour
 b - a +0 scale mail (worn)
 c - a +0 buckler (worn)
Scrolls
 e - a scroll of blinking {unknown}
 f - a scroll of enchant armour {unknown}
Potions
 d - a potion of might


   Skills:
 + Level 3.8 Fighting
 + Level 2.7 Axes
 + Level 3.8 Armour
 + Level 3.8 Shields


You had one spell level left.
You didn't know any spells.
Your spell library was empty.

Dungeon Overview and Level Annotations

Branches:
Dungeon (3/15)

Altars:

Annotations:
D:2 Terence


Innate Abilities, Weirdness & Mutations

You have a pair of horns on your head.
You reflexively headbutt those who attack you in melee.


Message History

You closely miss the giant cockroach.
The giant cockroach is heavily wounded.
Terence hits you from afar with a +0 trident.
The giant cockroach bites you but does no damage.
You slash the giant cockroach!
You kill the giant cockroach!
Terence hits you from afar with a +0 trident.
* * * LOW HITPOINT WARNING * * *
Terence barely misses you.
You have reached level 2!
Found a stone staircase leading up.
A hobgoblin comes into view.
The hobgoblin shouts!
You hear a shout!
The hobgoblin hits you but does no damage.
You block the quokka's attack. The hobgoblin barely misses you.
There is a stone staircase leading down here.
You block the quokka's attack. The hobgoblin closely misses you.
You furiously retaliate!
You headbutt the hobgoblin!
You kill the hobgoblin!
You block Terence's attack.
You climb downwards.
Found four items.
There is a stone staircase leading up here.
You are too injured to fight recklessly!
You are too injured to fight recklessly!
You are too injured to fight recklessly!
You are too injured to fight recklessly!
You barely miss the quokka. The quokka bites you.
* * * LOW HITPOINT WARNING * * *
The quokka closely misses you.
You are too injured to fight recklessly!
You hit the quokka but do no damage.
You headbutt the quokka, but do no damage.
The quokka bites you but does no damage.
You closely miss the quokka. The quokka bites you.
* * * LOW HITPOINT WARNING * * *
The quokka barely misses you.
You barely miss the quokka. The quokka bites you.
You die...

# #..#. . ..).
. #.###...
..#.#....#
......)..# #
......... .##..
..#....r#.....#
..?....@...#
#.##.....#..#
#...!...... ...
###.......... #
#.#.....##...
#..#...#.# #.
#. ##..#.# .
......


You could see a quokka.

Vanquished Creatures
  A giant cockroach (D:2)
  2 hobgoblins
  A quokka (D:1)
  A ball python (D:1)
  A frilled lizard (D:1)
  2 kobolds (D:1)
  A rat (D:1)
9 creatures vanquished.

Notes
Turn   | Place    | Note
-------+----------+-------------------------------------------
     0 | D:1      | browni3141 the Minotaur Fighter began the quest for the
                  | Orb.
     0 | D:1      | Reached XP level 1. HP: 19/19 MP: 0/0
   122 | D:2      | Noticed Terence
   127 | D:2      | Reached XP level 2. HP: 6/27 MP: 1/1
   138 | D:3      | HP: 1/27 [quokka (4)]
   139 | D:3      | Slain by a quokka

Illustrated notes

Levels and vault maps discovered:
D:1:      minmay_arrival_open_corners, layout_rooms, chequers_decorated_corner
D:2:      layout_loops_ring, uniq_terence
D:3:      layout_rooms, shapermc_ecumenical_altar_ellora, uniq_robin

Action                   || total
-------------------------++-------
Melee: War axe           ||    19
       Headbutt          ||     3
Armor: Scale mail        ||     7
Dodge: Dodged            ||    11
Block: Buckler           ||     6
